 Dungeon Crawl Stone Soup version 0.24-a0-218-ga595e75 (webtiles) character file.

Game seed: 17249631760104137041

1036 mortelune the Skirmisher (level 8, -4/52 HPs)
             Began as a Gargoyle Fighter on Mar 30, 2019.
             Killed by divine providence
             ... invoked by an orc priest
              (8 damage)
             ... on level 6 of the Dungeon.
             The game lasted 00:15:31 (6259 turns).

mortelune the Skirmisher (Gargoyle Fighter)         Turns: 6259, Time: 00:15:32

Health: -4/52      AC: 17    Str: 22    XL:     8   Next: 24%
Magic:  8/8        EV: 13    Int:  9    God:
Gold:   215        SH: 15    Dex:  9    Spells: 7/7 levels left

rFire    . . .     SeeInvis .   a - +0 flail
rCold    + . .     Gourm    .   c - +0 shield
rNeg     + . .     Faith    .   D - +0 ring mail {rC+}
rPois    ∞         Spirit   .   w - +0 helmet
rElec    +         Reflect  +   y - +0 cloak
rCorr    .         Harm     .   e - +1 pair of gloves
MR       .....                  p - +0 pair of boots
Stlth    ..........             m - +5 amulet of reflection
HPRegen  0.17/turn              s - +5 ring of evasion
MPRegen  0.11/turn              C - ring of flight

@: no status effects
A: negative energy resistance 1, electricity resistance, unbreathing,
petrification resistance, rot immunity, AC +5
a: Evoke Flight


You were on level 6 of the Dungeon.
You were not hungry.

You visited 1 branch of the dungeon, and saw 6 of its levels.

You collected 215 gold pieces.

Inventory:

Hand Weapons
 a - a +0 flail (weapon)
 x - a +0 hunting sling
Missiles
 n - 14 tomahawks (quivered)
Armour
 b - a +0 scale mail
 c - a +0 shield (worn)
 e - a +1 pair of gloves (worn)
 p - a +0 pair of boots (worn)
 w - a +0 helmet (worn)
 y - a +0 cloak (worn)
 D - a +0 ring mail of cold resistance (worn)
Jewellery
 m - a +5 amulet of reflection (around neck)
 s - a +5 ring of evasion (left hand)
 C - a ring of flight (right hand)
 E - an uncursed amulet of faith
Scrolls
 h - 3 scrolls of remove curse
 k - 2 scrolls of identify
 r - 3 scrolls of teleportation
 v - a scroll of fear {unknown}
 A - a scroll of enchant armour
 B - 2 scrolls of amnesia {unknown}
Potions
 d - a potion of might
 g - a potion of heal wounds
 i - 2 potions of haste
 j - 2 potions of ambrosia {unknown}
 l - 3 potions of curing
 o - 2 potions of mutation {unknown}
 q - 2 potions of resistance {unknown}
 t - 3 potions of lignification {unknown}
 u - 3 potions of degeneration {unknown}
 z - a potion of brilliance {unknown}
Comestibles
 f - 17 rations


   Skills:
 * Level 6.8 Fighting
 * Level 5.6 Maces & Flails
 + Level 5.3 Armour
 + Level 5.2 Shields


You had 7 spell levels left.
You didn't know any spells.
Your spell library contained the following spells:

 Spells                   Type           Power        Failure   Level  Hunger
 Magic Dart               Conj           #...         92%         1    ##.....
 Searing Ray              Conj           #.....       98%         2    ###....
 Dazzling Spray           Conj/Hex       #.....       100%        3    ####...
 Force Lance              Conj/Tloc      #.......     100%        4    #####..
 Fulminant Prism          Conj/Hex       #.........   100%        4    #####..
 Iskenderun's Mystic Bla  Conj           #.......     100%        4    #####..


Dungeon Overview and Level Annotations

Branches:
Dungeon (6/15)
 Temple: D:4-7

Altars:
Wu Jian


Innate Abilities, Weirdness & Mutations

You are resistant to torment.
Your stone body is resilient. (AC +5)
You are immune to poison.
You resist negative energy. (rN+)
You are resistant to electric shocks. (rElec)
You can survive without breathing.
You are immune to petrification.
You are immune to rotting.


Message History

The orc priest calls down the wrath of Beogh upon you.
Beogh smites you!
The orc warrior hits you but does no damage.
You barely miss the orc warrior.
The orc warrior is almost dead.
The orc priest looks satisfied for a moment.
The orc warrior hits you with a +0 glaive.
You barely miss the orc warrior.
The orc warrior is almost dead.
You block the orc warrior's attack.
You barely miss the orc warrior.
The orc warrior is almost dead.
You block the orc warrior's attack.
Your shield and ring mail prevent you from hitting the orc warrior.
The orc warrior is almost dead.
The orc warrior hits you with a +0 glaive!
* * * LOW HITPOINT WARNING * * *
The orc priest invokes the aid of Beogh against you.
Beogh smites you!
You die...

#####.#####..(..## #.....#
#####.........##...## ###.###
..........###.###'## #.#
.####.##..# #.# #.# #.# .#
#......# #.# #.## #.# .#
#..##.####.###..##########.#
.###..........##..#...........#
.........######.....###########
####.##### #...@...#
#.########.###..## #..........#
#o## ############ #.# #o# #[#
#.# #.# #.......#


You could see an orc warrior and an orc priest.

Vanquished Creatures
  Duvessa (D:5)
  An ice beast (D:6)
  An ogre (D:4)
  Dowan (D:5)
  A scorpion (D:4)
  A crimson imp (D:5)
  A jelly (D:5)
  A hound (D:5)
  An iguana (D:6)
  3 orc wizards
  5 worker ants
  A hound skeleton (D:5)
  A howler monkey skeleton (D:5)
  11 adders
  2 oozes
  An adder skeleton (D:6)
  2 worms (D:3)
  A dart slug (D:1)
  5 leopard geckos
  8 orcs
  10 giant cockroaches
  11 goblins
  6 hobgoblins
  14 jackals
  14 kobolds
  4 quokkas
  6 bats
  6 frilled lizards
  A quokka skeleton (D:4)
  8 rats
129 creatures vanquished.

Vanquished Creatures (others)
  A centaur (D:5)
1 creature vanquished.

Grand Total: 130 creatures vanquished

Notes
Turn   | Place    | Note
-------+----------+-------------------------------------------
     0 | D:1      | mortelune the Gargoyle Fighter began the quest for the Orb.
     0 | D:1      | Reached XP level 1. HP: 14/14 MP: 1/1
   166 | D:1      | Reached XP level 2. HP: 12/19 MP: 2/2
   618 | D:1      | Reached XP level 3. HP: 23/24 MP: 3/3
  1546 | D:2      | Reached skill level 4 in Fighting
  1550 | D:2      | Reached XP level 4. HP: 28/29 MP: 4/4
  1978 | D:2      | Reached XP level 5. HP: 22/34 MP: 5/5
  3575 | D:3      | Reached skill level 5 in Fighting
  3575 | D:3      | Reached XP level 6. HP: 18/40 MP: 6/6
  4207 | D:4      | Reached XP level 7. HP: 44/44 MP: 7/7
  4212 | D:4      | Found an ornate altar of the Wu Jian Council.
  4415 | D:5      | Entered Level 5 of the Dungeon
  4728 | D:5      | Noticed Dowan
  4728 | D:5      | Noticed Duvessa
  4913 | D:5      | Reached skill level 6 in Fighting
  4921 | D:5      | Killed Duvessa
  4921 | D:5      | Reached skill level 5 in Maces & Flails
  4921 | D:5      | Reached skill level 5 in Armour
  4934 | D:5      | Killed Dowan
  4934 | D:5      | Reached skill level 5 in Shields
  5488 | D:5      | Reached XP level 8. HP: 52/52 MP: 8/8
  6259 | D:6      | Killed from afar by an orc priest

Levels and vault maps discovered:
D:1:      dpeg_arrival_simpleton_a, layout_basic
D:2:      layout_loops_ring, minmay_tromino_v4_b
D:3:      layout_basic, first_ration
D:4:      layout_cave_pools, marbit_many_paths
D:5:      layout_basic, moated_statue, uniq_duvessa
D:6:      layout_loops_corners

Skill      XL: |  1  2  3  4  5  6  7 |
---------------+----------------------+-----
Fighting       | 4 5 6 |  6.8
Maces & Flails | 3 4 5 |  5.6
Armour         | 4 5 |  5.3
Shields        | 4 5 |  5.2

Action                   |  1- 3 |  4- 6 |  7- 9 || total
-------------------------+-------+-------+-------++-------
Melee: Flail             |   159 |   300 |   181 ||   640
Throw: Tomahawk          |       |     4 |       ||     4
  Use: Scroll            |       |     8 |       ||     8
  Eat: Chunk             |     2 |     9 |     7 ||    18
Armor: Scale mail        |   109 |   185 |    45 ||   339
       Ring mail         |       |       |    17 ||    17
Dodge: Dodged            |    81 |   178 |    56 ||   315
Block: Shield            |    97 |   221 |   143 ||   461
       Reflection        |       |     2 |    13 ||    15

Table legend:
 A = Non-vault XP
 B = Vault XP
 C = Vault XP percentage of total XP
 D = Non-vault monster count
 E = Vault monster count
 F = Vault count percentage of total count
                 A         B        C        D         E       F
            +---------+---------+-------+---------+---------+-------
      Total |    1224 |     257 |  17.4 |     126 |       4 |   3.1
            +---------+---------+-------+---------+---------+-------
        D:1 |      61 |       0 |   0.0 |      35 |       0 |   0.0
        D:2 |      79 |      37 |  31.9 |      18 |       2 |  10.0
        D:3 |     154 |       0 |   0.0 |      32 |       0 |   0.0
        D:4 |     373 |       0 |   0.0 |      19 |       0 |   0.0
        D:5 |     358 |     220 |  38.1 |      14 |       2 |  12.5
        D:6 |     199 |       0 |   0.0 |       8 |       0 |   0.0
            +---------+---------+-------+---------+---------+-------
